AoeStats
← 先督瑞拉

Arena

509573035Analyzed
4v4 RM · 3d ago on Sep 27, 2026· 50m 52s· 8 players
Game mode
Random Map
Map size
Large (8 player)
Population
200
Speed
Normal
Resources
Standard
Victory
Conquest
Starting age
Dark Age
Ending age
Imperial Age
RankedLock teamsTeams togetherTeam positionsShared explorationLock speedFull tech treeHidden civsTurbo modeCheats
Victory
Defeat
🇭🇰 Byzantines · Hong Kong SAR China
1316
+16
🇯🇵 Varangians · Japan
1299
+16
🇨🇳 Koreans · China
1297
+17
🇨🇳 Chinese · China
1280
+17
🇨🇳 Mongols · China
1322
-17
🇨🇳 Persians · China
1319
-17
🇬🇧 Poles · United Kingdom
1307
-16
🇩🇪 Khmer · Germany
1295
-16
巨大的问号
0:32 Loom
10:00 Feudal Age
14:41 Castle Age
12:40 Double-Bit Axe
12:37 Horse Collar
12:51 Gold Mining
13:13 Horse Collar
14:01 Town Watch
16:15 Town Watch
17:54 Bow Saw
18:34 Scale Mail Armor
22:25 Squires
23:01 Heavy Plow
24:35 Chain Mail Armor
24:59 Gold Shaft Mining
27:22 Wheelbarrow
27:32 Stone Mining
30:33 Imperial Age
29:36 Stone Shaft Mining
28:26 Pikeman
30:03 Pikeman
31:18 Forging
30:55 Halberdier
32:53 Two-Man Saw
32:57 Iron Casting
33:31 Plate Mail Armor
33:35 Hand Cart
34:40 Blast Furnace
33:38 Arson
42:53 Scale Barding Armor
45:11 Chain Barding Armor
45:51 Husbandry
46:02 Bloodlines
46:37 Plate Barding Armor
45:36 Cavalier
49:00 Conscription
49:35 Caravan
51:12 Fortified Wall
51:14 Masonry
poplin
10:16 Feudal Age
14:04 Castle Age
12:28 Double-Bit Axe
13:00 Horse Collar
15:19 Bow Saw
21:53 Loom
25:39 Stone Mining
25:39 Gold Mining
28:00 Wheelbarrow
30:14 Imperial Age
28:58 Stone Shaft Mining
28:44 Forging
28:39 Scale Barding Armor
28:49 Town Watch
30:09 Iron Casting
31:07 Hand Cart
31:21 Conscription
31:25 Chain Barding Armor
32:36 Blast Furnace
32:12 Elite Jarl
33:02 Husbandry
33:12 Bloodlines
34:03 Plate Barding Armor
33:29 Scale Mail Armor
33:42 Arson
33:57 Squires
33:43 Gambesons
34:25 Gothikon
35:27 Fletching
35:17 Vendel Legacy
35:48 Cavalier
35:59 Elite Varangian Guard
38:04 Ballistics
38:44 Chemistry
37:51 Siege Engineers
39:09 Chain Mail Armor
38:50 Bodkin Arrow
38:55 Padded Archer Armor
38:39 Treadmill Crane
39:12 Masonry
39:08 Atonement
39:18 Fervor
39:34 Illumination
39:09 Devotion
39:45 Theocracy
39:05 Herbal Medicine
39:37 Heated Shot
39:43 Murder Holes
39:39 Guard Tower
40:07 Heavy Plow
41:17 Fortified Wall
41:19 Careening
41:19 Clinker Construction
40:34 Cranequins
40:35 Elite Skirmisher
40:38 Light Cavalry
42:12 Siphons
42:08 Town Patrol
42:29 Bracer
43:43 Two-Man Saw
43:35 Architecture
44:19 Leather Archer Armor
44:34 Plate Mail Armor
43:27 Man-at-Arms
43:27 Pikeman
43:31 Crossbowman
44:54 Crop Rotation
44:04 Heavy Mounted Crossbowman
45:58 Ring Archer Armor
45:46 Guilds
45:52 Caravan
45:44 Long Swordsman
46:57 Carvel Hull
47:16 Halberdier
47:17 Two-Handed Swordsman
47:57 Heavy Scorpion
47:58 Onager
47:59 Capped Ram
49:32 Incendiaries
49:44 Shipwright
49:47 Dry Dock
49:24 Hussar
50:57 Coinage
51:18 Faith
kingprodios
10:42 Feudal Age
14:45 Castle Age
12:46 Double-Bit Axe
13:02 Horse Collar
15:49 Bow Saw
16:55 Wheelbarrow
17:20 Heavy Plow
22:43 Gold Mining
26:36 Imperial Age
23:54 Loom
24:22 Stone Mining
24:45 Fletching
25:21 Bodkin Arrow
26:07 Murder Holes
26:39 Forging
25:51 Elite Skirmisher
26:14 Pikeman
27:36 Bracer
28:49 Chemistry
28:51 Scale Mail Armor
29:36 Padded Archer Armor
30:17 Chain Mail Armor
30:53 Ballistics
31:50 Conscription
33:01 Treadmill Crane
34:49 Leather Archer Armor
35:09 Iron Casting
35:04 Plate Mail Armor
34:14 Elite Varangian Guard
34:56 Squires
34:41 Arson
37:19 Scale Barding Armor
36:46 Pikeman
37:42 Halberdier
39:28 Chain Barding Armor
39:39 Ring Archer Armor
44:25 Hand Cart
47:15 Two-Man Saw
46:03 Elite Cataphract
46:59 Logistica
47:49 Husbandry
49:07 Plate Barding Armor
先督瑞拉
10:20 Feudal Age
10:37 Feudal Age
14:43 Castle Age
13:01 Horse Collar
13:51 Double-Bit Axe
19:33 Bow Saw
20:41 Gold Mining
20:49 Loom
21:40 Wheelbarrow
21:20 Fletching
24:05 Bodkin Arrow
27:12 Ballistics
30:53 Heavy Plow
34:07 Imperial Age
32:54 Scale Mail Armor
33:04 Forging
33:33 Gold Shaft Mining
32:48 Stone Mining
33:53 Hand Cart
33:23 Town Watch
34:11 Man-at-Arms
34:13 Crossbowman
34:59 Thumb Ring
34:56 Bracer
35:27 Conscription
36:25 Chemistry
35:37 Arbalester
37:05 Treadmill Crane
37:11 Arrowslits
37:23 Murder Holes
38:27 Eupseong
39:32 Town Patrol
40:33 Two-Man Saw
39:19 Pikeman
39:59 Squires
39:45 Arson
39:31 Elite Fire Lancer
39:57 Arson
40:15 Squires
40:15 Scale Mail Armor
40:26 Forging
41:32 Pikeman
43:54 Stone Shaft Mining
43:42 Caravan
44:23 Halberdier
46:04 Coinage
45:44 Guilds
46:01 Chain Mail Armor
47:38 Plate Mail Armor
47:44 Iron Casting
51:26 Banking
Soul Ledger
11:15 Feudal Age
11:47 Loom
16:17 Castle Age
14:25 Double-Bit Axe
14:59 Horse Collar
17:20 Wheelbarrow
17:42 Bow Saw
22:57 Heavy Plow
29:31 Imperial Age
27:17 Gold Mining
27:59 Husbandry
28:11 Bloodlines
28:37 Scale Barding Armor
28:43 Forging
29:10 Szlachta Privileges
30:19 Chain Barding Armor
30:59 Iron Casting
29:47 Cavalier
30:51 Conscription
31:00 Capped Ram
32:57 Blast Furnace
32:28 Fletching
32:41 Padded Archer Armor
34:05 Bodkin Arrow
33:41 Elite Skirmisher
36:44 Ballistics
37:25 Chemistry
36:31 Bracer
36:49 Leather Archer Armor
36:35 Scale Mail Armor
39:00 Treadmill Crane
44:17 Light Cavalry
49:15 Lechitic Legacy
48:35 Winged Hussar
木某人
10:07 Feudal Age
14:14 Castle Age
12:06 Double-Bit Axe
13:31 Horse Collar
17:35 Wheelbarrow
20:46 Fletching
26:10 Bow Saw
27:21 Hand Cart
26:51 Town Watch
26:52 Loom
27:31 Bodkin Arrow
31:24 Imperial Age
29:09 Masonry
28:25 Light Cavalry
29:14 Scale Barding Armor
29:58 Scale Barding Armor
30:44 Ballistics
32:09 Bracer
32:43 Parthian Tactics
32:52 Thumb Ring
34:46 Chemistry
34:49 Padded Archer Armor
36:08 Leather Archer Armor
40:08 Conscription
40:14 Heavy Cavalry Archer
42:59 Bloodlines
42:50 Husbandry
43:27 Capped Ram
47:38 Gold Mining
48:43 Chain Barding Armor
鸡蛋打
10:09 Feudal Age
13:35 Castle Age
11:30 Double-Bit Axe
11:56 Horse Collar
14:15 Wheelbarrow
22:12 Bow Saw
23:04 Loom
24:31 Hand Cart
24:29 Heavy Plow
24:49 Stone Mining
24:49 Gold Mining
26:25 Scale Barding Armor
27:00 Forging
27:34 Gold Shaft Mining
30:19 Imperial Age
28:54 Iron Casting
28:45 Chain Barding Armor
29:11 Bloodlines
29:19 Husbandry
30:40 Cavalier
31:59 Plate Barding Armor
32:50 Blast Furnace
33:05 Conscription
33:52 Savar
41:16 Town Watch
42:25 Light Cavalry
44:00 Hussar
Sir_HaXaLoT.exe
11:07 Feudal Age
14:46 Castle Age
13:16 Horse Collar
13:45 Double-Bit Axe
16:15 Loom
Connection lost

Rejoining the realm…

Still unreachable

The connection could not be restored.

Session expired

The server has moved on; the page needs a fresh start.